[Event "Titled Tuesday Blitz May 03 Early 2022"]
[White "Kollars, Dmitrij"]
[Black "Visakh N R"]
[WhiteFideId "12909572"]
[BlackFideId "25012223"]
[WhiteElo "2584"]
[BlackElo "2448"]
[Result "1-0"]
[Round "09"]
[TimeControl "180+1"]
[Date "2022.05.03"]
[WhiteClock "0:00:47"]
[BlackClock "0:00:57"]

1. e4 c5 2. c3 Nf6 3. e5 Nd5 4. Bc4 Nb6 5. Bb3 d6 6. exd6 c4 7. Ba4+ Nxa4 8. Qxa4+ Nc6 9. Qxc4 Qxd6 10. Nf3 e5 11. O-O Be7 12. Re1 O-O 13. d4 exd4 14. Nxd4 Nxd4 15. Qxd4 Qxd4 16. cxd4 Bf6 17. Be3 Be6 18. Nc3 Rfd8 19. Rad1 Bd5 20. Nxd5 Rxd5 21. Kf1 Rad8 22. Rd3 h5 23. Rc1 R8d7 24. Ke2 g5 25. h3 Kh7 26. g4 hxg4 27. hxg4 Kg6 28. b3 R5d6 29. Rcd1 Rd5 30. Rc1 R5d6 31. Rc4 a6 32. a4 Rd5 33. Rc5 Bg7 34. Rxd5 Rxd5 35. Rc3 f5 36. gxf5+ Kxf5 37. Kd3 Bf8 38. Rc7 b5 39. Rf7+ 1-0


[Site "https://www.chess.com"]

[Event "Titled Tuesday Blitz May 03 Early 2022"]
[White "Kosteniuk, Alexandra"]
[Black "Srihari L R"]
[WhiteFideId "4128125"]
[BlackFideId "46617116"]
[WhiteElo "2469"]
[BlackElo "2121"]
[Result "1/2-1/2"]
[Round "09"]
[TimeControl "180+1"]
[Date "2022.05.03"]
[WhiteClock "0:00:20"]
[BlackClock "0:00:08"]

1. e4 d6 2. d4 Nf6 3. Nc3 e5 4. dxe5 dxe5 5. Qxd8+ Kxd8 6. Bc4 Be6 7. Bxe6 fxe6 8. Nf3 Bd6 9. h3 a6 10. Be3 Ke7 11. Nd2 Nc6 12. a3 b5 13. Ne2 a5 14. f3 Rhb8 15. g4 Nd7 16. Kf2 a4 17. c3 Na5 18. Rad1 Nc4 19. Nxc4 bxc4 20. Rd2 Rb7 21. Ra1 Rab8 22. Ra2 Rb5 23. Bg5+ Ke8 24. Nc1 h6 25. Be3 Bc5 26. Ke2 Bxe3 27. Kxe3 Nc5 28. h4 g5 29. h5 Ke7 30. Ke2 R5b6 31. Ke3 Rd6 32. Rxd6 cxd6 33. Kd2 d5 34. exd5 exd5 35. Ke3 Kd6 36. Ne2 Nd3 37. Ng3 Nxb2 38. Nf5+ Kc5 39. Nxh6 d4+ 40. Kd2 Rb3 41. Nf7 Nd3 42. h6 dxc3+ 43. Kc2 Ne1+ 44. Kc1 Nd3+ 45. Kc2 Ne1+ 46. Kc1 Nd3+ 47. Kc2 1/2-1/2


[Site "https://www.chess.com"]

[Event "Titled Tuesday Blitz May 03 Early 2022"]
[White "Kozak, Antoni"]
[Black "Richter, Nils"]
[WhiteFideId "21832030"]
[BlackFideId "12990809"]
[WhiteElo "2236"]
[BlackElo "2243"]
[Result "1-0"]
[Round "09"]
[TimeControl "180+1"]
[Date "2022.05.03"]
[WhiteClock "0:00:16"]
[BlackClock "0:00:11"]

1. Nf3 c5 2. c4 b6 3. g3 Bb7 4. Bg2 Nf6 5. O-O e6 6. Nc3 Be7 7. d4 cxd4 8. Qxd4 O-O 9. Bf4 d6 10. Qd1 Qc7 11. b3 a6 12. Rc1 Nbd7 13. Re1 Ne4 14. Nxe4 Bxe4 15. Qd2 Rac8 16. Red1 e5 17. Bg5 Nf6 18. Bxf6 gxf6 19. Nh4 Bg6 20. Qh6 f5 21. Bh3 Bxh4 22. Qxh4 Rcd8 23. Bg2 Rfe8 24. Bd5 Qe7 25. Qh6 Qf6 26. e3 Re7 27. h4 Qg7 28. Qxg7+ Kxg7 29. f3 a5 30. Kf2 f6 31. Rd2 Bf7 32. Rcd1 Bxd5 33. Rxd5 Red7 34. Rb5 a4 35. Rxb6 axb3 36. axb3 Kf7 37. Rd2 Ke7 38. Rb2 Ra8 39. Ke2 Ra1 40. b4 Rc1 41. Rc6 Ra7 42. b5 Kd7 43. Ra6 Rxa6 44. bxa6 Ra1 45. Rb6 Kc7 46. c5 dxc5 47. Rxf6 c4 48. Kd2 Ra2+ 49. Kc3 Ra3+ 50. Kxc4 Rxe3 51. Rxf5 e4 52. Kd4 Ra3 53. Kxe4 h6 54. Rf6 h5 55. Kf4 Kd7 56. g4 hxg4 57. fxg4 Ke7 58. Kg5 Ra5+ 59. Kg6 Ra4 60. Kg5 Ra5+ 61. Rf5 Rxa6 62. h5 Rb6 63. h6 Rb8 64. h7 Rh8 65. Kh6 1-0


[Site "https://www.chess.com"]

[Event "Titled Tuesday Blitz May 03 Early 2022"]
[White "Kozin, Yuri"]
[Black "Begunov, Konstantin"]
[WhiteFideId "4129920"]
[BlackFideId "4118510"]
[WhiteElo "2585"]
[BlackElo "2262"]
[Result "1-0"]
[Round "09"]
[TimeControl "180+1"]
[Date "2022.05.03"]
[WhiteClock "0:00:12"]
[BlackClock "0:00:02"]

1. e4 c5 2. Nf3 d6 3. d4 cxd4 4. Nxd4 Nf6 5. Nc3 a6 6. Be3 Ng4 7. Bc1 Nc6 8. Nb3 Nf6 9. Bd3 e6 10. f4 Be7 11. Qf3 O-O 12. Be3 Qc7 13. O-O-O b5 14. g4 b4 15. Na4 Nd7 16. g5 Na5 17. Kb1 Nc4 18. Bxc4 Qxc4 19. Nb6 Nxb6 20. Bxb6 Bb7 21. Rhe1 a5 22. Bxa5 Qb5 23. Bc7 Qc6 24. Ba5 Qa4 25. f5 Bxg5 26. fxe6 Rxa5 27. Nxa5 Qxa5 28. exf7+ Rxf7 29. Qb3 Qc5 30. Rf1 Bf6 31. e5 dxe5 32. Rd8+ Qf8 33. Rxf8+ Kxf8 34. Qxb4+ Re7 35. Re1 e4 36. a4 h6 37. a5 e3 38. a6 Bf3 39. Rxe3 Kf7 40. Rxe7+ Bxe7 41. Qf4+ Bf6 42. Qxf3 1-0


[Site "https://www.chess.com"]

[Event "Titled Tuesday Blitz May 03 Early 2022"]
[White "Krstulovic, Alex"]
[Black "Reprintsev, Alexander"]
[WhiteFideId "760056"]
[BlackFideId "14100541"]
[WhiteElo "2193"]
[BlackElo "2108"]
[Result "0-1"]
[Round "09"]
[TimeControl "180+1"]
[Date "2022.05.03"]
[WhiteClock "0:00:01"]
[BlackClock "0:00:19"]

1. e4 d5 2. exd5 Qxd5 3. Nc3 Qa5 4. Bc4 Nf6 5. d3 Bg4 6. f3 Be6 7. Bxe6 fxe6 8. Ne2 Nc6 9. Be3 e5 10. O-O O-O-O 11. a3 Nd4 12. b4 Qa6 13. a4 e6 14. b5 Qd6 15. Ne4 Qd7 16. Rb1 Nf5 17. Bf2 Nd5 18. Qd2 Be7 19. a5 Kb8 20. c4 Nf6 21. Rb3 Nxe4 22. fxe4 Nd4 23. Nxd4 exd4 24. Ra1 h6 25. b6 cxb6 26. axb6 a6 27. Ra5 Qc6 28. Qa2 Bd6 29. Kh1 Bf4 30. h3 e5 31. Qa3 Rhf8 32. Rc5 Qf6 33. Rc7 Be3 34. Rb2 Bxf2 35. Rxf2 Qxb6 0-1


[Site "https://www.chess.com"]

[Event "Titled Tuesday Blitz May 03 Early 2022"]
[White "Lashkin, Jegor"]
[Black "Demchenko, Anton"]
[WhiteFideId "13907808"]
[BlackFideId "4160258"]
[WhiteElo "2368"]
[BlackElo "2539"]
[Result "1/2-1/2"]
[Round "09"]
[TimeControl "180+1"]
[Date "2022.05.03"]
[WhiteClock "0:00:10"]
[BlackClock "0:00:33"]

1. d4 Nf6 2. c4 e6 3. Nf3 b6 4. g3 Bb7 5. Bg2 Bb4+ 6. Bd2 Bxd2+ 7. Qxd2 d6 8. Nc3 Nbd7 9. O-O Ne4 10. Nxe4 Bxe4 11. Qf4 Nf6 12. Rac1 O-O 13. Rfd1 Qe7 14. b4 a5 15. b5 Rad8 16. Qe3 h6 17. Nh4 Bxg2 18. Kxg2 Nd7 19. Nf3 f5 20. Rd2 Qf7 21. Qd3 Nf6 22. Rdc2 Rfe8 23. Qe3 g5 24. c5 Nd5 25. Qb3 g4 26. Nd2 Rf8 27. cxb6 cxb6 28. a3 h5 29. Rc6 h4 30. Qd3 e5 31. Nc4 e4 32. Qc2 f4 33. Qxe4 Rde8 34. Ne5 dxe5 35. Rg6+ Kh8 36. Rh6+ Kg8 37. Rg6+ Kh8 38. Rh6+ Kg8 39. Rg6+ 1/2-1/2


[Site "https://www.chess.com"]

[Event "Titled Tuesday Blitz May 03 Early 2022"]
[White "Lauridsen, Jesper Morch"]
[Black "Bas Mas, Jose Joaquin"]
[WhiteFideId "1401890"]
[BlackFideId "22219064"]
[WhiteElo "2254"]
[BlackElo "2212"]
[Result "0-1"]
[Round "09"]
[TimeControl "180+1"]
[Date "2022.05.03"]
[WhiteClock "0:00:09"]
[BlackClock "0:00:35"]

1. d4 f5 2. g3 Nf6 3. Bg2 e6 4. c4 Bb4+ 5. Bd2 Be7 6. Nc3 O-O 7. Nf3 a5 8. d5 c6 9. Bg5 Ne4 10. Nxe4 fxe4 11. Bxe7 Qxe7 12. Nd2 e3 13. fxe3 exd5 14. Rf1 Rxf1+ 15. Kxf1 Qxe3 16. cxd5 a4 17. d6 Ra5 18. Nc4 Rf5+ 19. Bf3 Qh6 20. Kg2 b5 21. Nd2 Qxd6 22. Ne4 Qxd1 23. Rxd1 d5 24. Bg4 Rf8 25. Bxc8 Rxc8 26. Nc5 Re8 27. Kf3 Kf7 28. Rd4 Re7 29. Rf4+ Ke8 30. e4 Nd7 31. Nxd7 Rxd7 32. exd5 Rxd5 33. Ke4 Rd7 34. Rf5 Kd8 35. Rc5 Kc7 36. h4 Kb6 37. Rg5 Rd2 38. Rxg7 Rxb2 39. Rxh7 Rxa2 40. g4 a3 41. Rh8 b4 42. Rb8+ Kc5 43. h5 Rh2 44. Kf5 a2 45. Ra8 b3 46. Kg6 Rh1 47. h6 a1=Q 48. Rxa1 Rxa1 49. h7 Rh1 50. g5 b2 51. Kg7 b1=Q 0-1


[Site "https://www.chess.com"]

[Event "Titled Tuesday Blitz May 03 Early 2022"]
[White "Levitskiy, Andrey"]
[Black "Melikyan, Gnel"]
[WhiteFideId "14132885"]
[BlackFideId "54109990"]
[WhiteElo "2301"]
[BlackElo "1772"]
[Result "0-1"]
[Round "09"]
[TimeControl "180+1"]
[Date "2022.05.03"]
[WhiteClock "0:00:03"]
[BlackClock "0:00:50"]

1. e4 e6 2. d4 d5 3. Bd3 dxe4 4. Bxe4 Nf6 5. Bf3 c5 6. Ne2 cxd4 7. Nxd4 Bc5 8. Nb3 Qxd1+ 9. Bxd1 Bb6 10. Nc3 Bd7 11. Bf3 Bc6 12. Be3 Bxf3 13. gxf3 Nbd7 14. Rg1 g6 15. Nb5 Ke7 16. O-O-O Rac8 17. Nd6 Rc7 18. Nb5 Rc6 19. Bxb6 Rxb6 20. Nc3 Rc8 21. Rd2 Ne5 22. Rg3 Rbc6 23. f4 Nc4 24. Re2 Nh5 25. Rf3 Nd6 26. Nd4 Rc4 27. Rd2 a6 28. Nce2 Rd8 29. b3 Rc5 30. Rfd3 Rcc8 31. Kb2 Ne4 32. Rd1 Nxf2 33. R1d2 Nxd3+ 34. Rxd3 Nxf4 35. Nxf4 e5 36. Re3 Rxd4 37. Nd3 f6 38. h3 Rcd8 39. Nc5 Rc8 40. Nxb7 Rd2 41. Rc3 Rxc3 42. Kxc3 Rh2 43. a4 Rxh3+ 44. Kc4 Rh2 45. c3 g5 46. Nc5 g4 47. Ne4 Re2 48. Ng3 Rf2 49. b4 Rf3 50. Ne2 Re3 51. Ng1 Kd6 52. b5 axb5+ 53. axb5 f5 54. Kb4 f4 55. c4 Re4 56. b6 f3 57. Kb5 f2 58. c5+ Kd7 59. c6+ Kc8 60. b7+ Kc7 0-1


[Site "https://www.chess.com"]

[Event "Titled Tuesday Blitz May 03 Early 2022"]
[White "Lopez, Henry"]
[Black "Perez Gormaz, Matias"]
[WhiteFideId "5203830"]
[BlackFideId "3406342"]
[WhiteElo "2177"]
[BlackElo "2322"]
[Result "1-0"]
[Round "09"]
[TimeControl "180+1"]
[Date "2022.05.03"]
[WhiteClock "0:00:59"]
[BlackClock "0:00:03"]

1. d4 d5 2. Nf3 e6 3. c4 a6 4. cxd5 exd5 5. Nc3 c6 6. Bf4 Bd6 7. Bg3 Ne7 8. e3 O-O 9. Bd3 Bf5 10. O-O Bxg3 11. hxg3 Nd7 12. Rc1 Re8 13. Qc2 g6 14. Rfe1 Bxd3 15. Qxd3 Nf5 16. b4 Nd6 17. a4 b5 18. e4 dxe4 19. Nxe4 Qe7 20. Nc5 Qd8 21. Ne5 Nxe5 22. dxe5 Nc4 23. Qxd8 Rexd8 24. e6 fxe6 25. Rxe6 Rd6 26. Re7 a5 27. axb5 cxb5 28. bxa5 Rd5 29. Ne4 Re5 30. Nf6+ Kf8 31. Rxh7 1-0


[Site "https://www.chess.com"]

[Event "Titled Tuesday Blitz May 03 Early 2022"]
[White "Lorparizangeneh, Shahin"]
[Black "Sjugirov, Sanan"]
[WhiteFideId "12521604"]
[BlackFideId "4189302"]
[WhiteElo "2525"]
[BlackElo "2602"]
[Result "1/2-1/2"]
[Round "09"]
[TimeControl "180+1"]
[Date "2022.05.03"]
[WhiteClock "0:00:05"]
[BlackClock "0:00:20"]

1. d4 c6 2. c4 Nf6 3. Nf3 d5 4. e3 Bf5 5. Nc3 e6 6. Nh4 Bg6 7. Qb3 Qc7 8. Bd2 Be7 9. Rc1 Qb6 10. Nxg6 hxg6 11. Be2 Nbd7 12. Na4 Qxb3 13. axb3 Ne4 14. Bc3 Nxc3 15. bxc3 dxc4 16. bxc4 c5 17. Bf3 Rb8 18. O-O Kd8 19. Ra1 Kc7 20. Nb2 a6 21. Nd3 Bd6 22. g3 e5 23. Ra5 Kb6 24. Rfa1 f5 25. Bd5 e4 26. Nf4 Bxf4 27. exf4 Rhd8 28. Be6 cxd4 29. cxd4 Nf6 30. d5 Nd7 31. Bxd7 Rxd7 32. c5+ Kc7 33. c6 bxc6 34. dxc6 Rd2 35. Rxa6 Rbb2 36. Ra7+ Kxc6 37. R7a6+ Kb5 38. R6a5+ Kb4 39. R5a4+ Kc5 40. Ra5+ Kd6 41. Ra6+ Ke7 42. Ra7+ Kf8 43. Rc7 Kg8 44. Raa7 e3 45. Rxg7+ Kf8 46. Raf7+ Ke8 47. Re7+ Kf8 48. Ref7+ Ke8 49. Re7+ Kf8 50. Ref7+ 1/2-1/2


[Site "https://www.chess.com"]

[Event "Titled Tuesday Blitz May 03 Early 2022"]
[White "Lucas, Arthur"]
[Black "De Souza, Cristiano Gomes"]
[WhiteFideId "26093073"]
[BlackFideId "2151758"]
[WhiteElo "2129"]
[BlackElo "2068"]
[Result "1-0"]
[Round "09"]
[TimeControl "180+1"]
[Date "2022.05.03"]
[WhiteClock "0:00:54"]
[BlackClock "0:01:30"]

1. Nf3 Nf6 2. b3 g6 3. Bb2 Bg7 4. g3 O-O 5. Bg2 d5 6. O-O c5 7. d3 Nc6 8. Nbd2 d4 9. e4 e5 10. Nc4 Ne8 11. a4 Nd6 12. Nfd2 Be6 13. Nxd6 Qxd6 14. f4 f5 15. Nc4 Bxc4 16. bxc4 fxe4 17. fxe5 Nxe5 18. Bxe4 Rxf1+ 19. Qxf1 Rf8 20. Qg2 b6 21. Rf1 Rxf1+ 22. Qxf1 Qf6 23. Qe2 Bh6 24. Kg2 Be3 25. Ba3 Kg7 26. a5 h5 27. axb6 axb6 28. Bb2 Kh6 29. h3 g5 30. c3 g4 31. h4 Ng6 32. cxd4 Bxd4 33. Bc1+ Kg7 34. Bg5 Qe5 35. Qa2 Qc7 36. Qa8 Bf6 37. Bxf6+ Kxf6 38. Qg8 Qf7 39. Qd8+ Qe7 40. Qxb6+ 1-0


[Site "https://www.chess.com"]

[Event "Titled Tuesday Blitz May 03 Early 2022"]
[White "Melian, Juan Sebastian"]
[Black "Priyanka, K"]
[WhiteFideId "3706575"]
[BlackFideId "5082986"]
[WhiteElo "1842"]
[BlackElo "1905"]
[Result "1-0"]
[Round "09"]
[TimeControl "180+1"]
[Date "2022.05.03"]
[WhiteClock "0:00:06"]
[BlackClock "0:00:11"]

1. d4 Nf6 2. Nf3 g6 3. e3 Bg7 4. Be2 O-O 5. O-O d6 6. b3 Nbd7 7. Bb2 c5 8. dxc5 Nxc5 9. c4 Bf5 10. Nd4 Bd7 11. Bf3 Nfe4 12. Qc2 f5 13. Nd2 Nxd2 14. Qxd2 e5 15. Bd5+ Kh8 16. Nb5 Bxb5 17. cxb5 Qe7 18. Rac1 Rac8 19. a4 b6 20. Rfd1 e4 21. Bc4 Rfd8 22. Bd4 Bxd4 23. exd4 Nd7 24. Bd5 Nf6 25. Bc6 d5 26. b4 Kg7 27. a5 Ng4 28. Re1 g5 29. f3 Nf6 30. Qxg5+ Kh8 31. Qxf5 Rf8 32. fxe4 Nxe4 33. Qxd5 Qf6 34. Qxe4 Qf2+ 35. Kh1 Rcd8 36. Qe5+ Qf6 37. h3 Rxd4 38. Qxf6+ Rxf6 39. axb6 axb6 40. Re7 Rxb4 41. Rd1 Rf8 42. Rdd7 Rh4 43. Kh2 Rh6 44. Be4 Rh5 45. Rxh7+ Rxh7 46. Rxh7+ Kg8 47. Rb7 Rf4 48. Bd5+ Kf8 49. Rxb6 Rf5 50. Bc6 Rf6 51. Rb7 Rf5 52. Rb8+ Ke7 53. Re8+ Kd6 54. Re2 Rf4 55. Bf3 Rf6 56. Rd2+ Kc7 57. h4 Rh6 58. Kg3 Rg6+ 59. Bg4 Rg7 60. h5 Rh7 61. Bf5 Rg7+ 62. Kf4 Rh7 63. Bxh7 1-0


[Site "https://www.chess.com"]

[Event "Titled Tuesday Blitz May 03 Early 2022"]
[White "Melikhov, Evgeny V."]
[Black "Stevens, Christian"]
[WhiteFideId "4122046"]
[BlackFideId "2604450"]
[WhiteElo "1931"]
[BlackElo "2508"]
[Result "1-0"]
[Round "09"]
[TimeControl "180+1"]
[Date "2022.05.03"]
[WhiteClock "0:00:01"]
[BlackClock "0:00:01"]

1. d4 Nf6 2. c4 e6 3. Nc3 d5 4. cxd5 exd5 5. Bg5 Be7 6. e3 c6 7. Bd3 Bg4 8. Qc2 Bh5 9. f4 Ng4 10. Bxe7 Qxe7 11. e4 dxe4 12. Be2 Ne3 13. Qb3 Nxg2+ 14. Kf2 Nxf4 15. Bxh5 e3+ 16. Kf3 Nxh5 17. Qa3 Qh4 18. Kxe3 Qg5+ 19. Kd3 Nf4+ 20. Kc2 Qg6+ 21. Kb3 Qe6+ 22. Kc2 Qf5+ 23. Kb3 Qe6+ 24. Kc2 Nd7 25. Nf3 Qf5+ 26. Kb3 O-O-O 27. Qxa7 Nd5 28. Rhf1 Qe6 29. Ng5 Qd6 30. Nxf7 Qb4+ 31. Kc2 Ne3+ 32. Kd3 Nxf1 33. Nxh8 Nc5+ 34. Ke2 Qxb2+ 35. Kxf1 Qxa1+ 36. Kf2 Qxc3 37. Qb6 Qxd4+ 38. Kg3 Nd3 39. Qb3 1-0


[Site "https://www.chess.com"]

[Event "Titled Tuesday Blitz May 03 Early 2022"]
[White "Meshkovs, Nikita"]
[Black "Al-Tarboush, Ward"]
[WhiteFideId "11602740"]
[BlackFideId "7601450"]
[WhiteElo "2506"]
[BlackElo "2276"]
[Result "1-0"]
[Round "09"]
[TimeControl "180+1"]
[Date "2022.05.03"]
[WhiteClock "0:00:12"]
[BlackClock "0:00:23"]

1. Nf3 d5 2. d4 Nf6 3. c4 c6 4. Nc3 dxc4 5. e4 b5 6. Be2 e6 7. a4 b4 8. e5 Nd5 9. Ne4 h6 10. Bxc4 Be7 11. O-O O-O 12. a5 Ba6 13. Qe2 Bxc4 14. Qxc4 Qc8 15. Bd2 Qa6 16. Rfc1 Qxc4 17. Rxc4 Rc8 18. Rac1 a6 19. Ne1 Ra7 20. Nd3 Rb7 21. Ndc5 Rb5 22. Nb3 Kf8 23. g4 Ke8 24. f4 g6 25. Kg2 Kd7 26. Kf3 Kc7 27. f5 gxf5 28. gxf5 exf5 29. Ng3 Kb7 30. Nxf5 h5 31. Nxe7 Nxe7 32. Rxb4 Nd7 33. Rxb5+ axb5 34. Ke4 Nd5 35. Rf1 Rf8 36. Bh6 Rg8 37. Rxf7 Kc8 38. a6 Rg4+ 39. Kf3 Rxd4 40. Nxd4 Nxe5+ 41. Ke4 Nxf7 42. Bf8 Kd7 43. a7 Nc7 44. Kf5 Nd8 45. Bc5 Nb7 46. Ne6 Na8 47. b4 Kc8 48. h4 Nxc5 49. Nxc5 Kc7 50. Kg5 Kb6 51. Kxh5 Kxa7 52. Kg6 Nc7 53. h5 Nd5 54. h6 Nf4+ 55. Kg5 Nh3+ 56. Kf5 1-0


[Site "https://www.chess.com"]

[Event "Titled Tuesday Blitz May 03 Early 2022"]
[White "Mikhailovsky, Vladimir"]
[Black "Piesik, Piotr"]
[WhiteFideId "34105414"]
[BlackFideId "1136194"]
[WhiteElo "2349"]
[BlackElo "2190"]
[Result "0-1"]
[Round "09"]
[TimeControl "180+1"]
[Date "2022.05.03"]
[WhiteClock "0:00:51"]
[BlackClock "0:01:03"]

1. e4 g6 2. d4 Bg7 3. Nf3 c6 4. h3 d6 5. Nbd2 Nf6 6. c3 O-O 7. Bc4 Nbd7 8. O-O e5 9. dxe5 dxe5 10. Bb3 Qe7 11. Qe2 a5 12. a4 Nc5 13. Bc2 b6 14. b3 Ba6 15. c4 Rfd8 16. Ba3 Nfd7 17. Rfd1 Qe8 18. Nf1 Bf8 19. Ng3 Ne6 20. Bb2 f6 21. Nh2 Ndc5 22. Ng4 Bg7 23. Qf3 Qf7 24. Rxd8+ Rxd8 25. Rd1 Rxd1+ 26. Qxd1 Qd7 27. Qe1 h5 28. Ne3 Nd4 29. Qd1 Nce6 30. Ne2 Nxe2+ 31. Qxe2 Bf8 32. Bd3 Nf4 33. Qf3 Qxd3 34. g3 Qb1+ 35. Kh2 Qxb2 36. gxf4 exf4 37. Ng2 Bd6 38. Nh4 Kf7 39. Qd3 Qe5 40. Nf3 Qc5 41. Kg2 Bc8 42. Qe2 Be5 43. Ne1 Be6 44. Nd3 Qd4 45. c5 bxc5 46. Qc2 Qxe4+ 47. f3 Bxh3+ 48. Kxh3 Qxf3+ 49. Kh2 Qg3+ 50. Kh1 Qh3+ 51. Kg1 Bd4+ 52. Nf2 Qg3+ 53. Kf1 Qxf2+ 0-1


[Site "https://www.chess.com"]

[Event "Titled Tuesday Blitz May 03 Early 2022"]
[White "Mikhalsky, Vladimir"]
[Black "Bommini, Mounika Akshaya"]
[WhiteFideId "14144352"]
[BlackFideId "25019872"]
[WhiteElo "2301"]
[BlackElo "1671"]
[Result "1-0"]
[Round "09"]
[TimeControl "180+1"]
[Date "2022.05.03"]
[WhiteClock "0:00:45"]
[BlackClock "0:00:13"]

1. d4 Nf6 2. c4 c5 3. d5 e6 4. Nc3 exd5 5. cxd5 d6 6. e4 g6 7. Bd3 Bg7 8. Nf3 O-O 9. h3 a6 10. a4 Nbd7 11. O-O Ne8 12. Bf4 Ne5 13. Nxe5 dxe5 14. Be3 Qc7 15. a5 Nd6 16. Na4 c4 17. Nb6 Rb8 18. Rc1 f5 19. f3 fxe4 20. fxe4 Bd7 21. b3 c3 22. Nxd7 Qxd7 23. Rxc3 Rxf1+ 24. Qxf1 Rf8 25. Qc1 Rf7 26. Bb6 Rf4 27. Rc7 Qe8 28. Bc5 Nxe4 29. Be3 Nd6 30. Bxf4 exf4 31. Qxf4 1-0


[Site "https://www.chess.com"]

[Event "Titled Tuesday Blitz May 03 Early 2022"]
[White "Mohammadian, Mohammad"]
[Black "Peterson, Eric"]
[WhiteFideId "12566055"]
[BlackFideId "14908395"]
[WhiteElo "1544"]
[BlackElo "2195"]
[Result "0-1"]
[Round "09"]
[TimeControl "180+1"]
[Date "2022.05.03"]
[WhiteClock "0:01:23"]
[BlackClock "0:01:06"]

1. e4 e6 2. d4 d5 3. Nd2 c5 4. exd5 exd5 5. dxc5 Bxc5 6. c3 Nf6 7. Ngf3 O-O 8. Bd3 Nc6 9. O-O Bg4 10. Re1 Qd6 11. Qc2 Rfe8 12. Rxe8+ Rxe8 13. Qd1 Ne4 14. Qc2 Bxf2+ 15. Kf1 Bb6 16. Bxe4 dxe4 17. Nxe4 Qd5 18. Neg5 Qc4+ 0-1


[Site "https://www.chess.com"]

[Event "Titled Tuesday Blitz May 03 Early 2022"]
[White "Moiseenko, Alexander"]
[Black "Le, Tuan Minh"]
[WhiteFideId "14102560"]
[BlackFideId "12401153"]
[WhiteElo "2577"]
[BlackElo "2450"]
[Result "1-0"]
[Round "09"]
[TimeControl "180+1"]
[Date "2022.05.03"]
[WhiteClock "0:00:40"]
[BlackClock "0:00:14"]

1. d4 Nf6 2. Bg5 c5 3. Nc3 cxd4 4. Qxd4 Nc6 5. Qh4 Qa5 6. O-O-O h6 7. Bxf6 gxf6 8. Nf3 d6 9. e4 Be6 10. Kb1 Rc8 11. Nd4 Nxd4 12. Rxd4 Rxc3 13. bxc3 Qxa2+ 14. Kc1 Bg7 15. Bb5+ Kf8 16. Ra4 Qxa4 17. Bxa4 f5 18. Bb3 Bf6 19. Qh3 Bd7 20. exf5 a5 21. g4 a4 22. Ba2 Kg7 23. Qh5 Be8 24. f4 Bxc3 25. g5 Bd4 26. f6+ exf6 27. gxf6+ Bxf6 28. Rg1+ Kf8 29. Qd5 Be7 30. Qxb7 h5 31. Re1 1-0


[Site "https://www.chess.com"]

[Event "Titled Tuesday Blitz May 03 Early 2022"]
[White "Murtazin, Bulat"]
[Black "Aldokhin, Ivan"]
[WhiteFideId "24151351"]
[BlackFideId "24115720"]
[WhiteElo "2329"]
[BlackElo "2231"]
[Result "0-1"]
[Round "09"]
[TimeControl "180+1"]
[Date "2022.05.03"]
[WhiteClock "0:00:01"]
[BlackClock "0:00:56"]

1. d4 Nf6 2. c4 g6 3. f3 Bg7 4. e4 d6 5. Ne2 O-O 6. Be3 c6 7. Qd2 d5 8. Nbc3 dxe4 9. fxe4 Ng4 10. Bg1 c5 11. dxc5 Nc6 12. Nf4 Qxd2+ 13. Kxd2 Bh6 14. Nd5 e6 15. g3 exd5 16. cxd5 Nce5 17. Be2 Nf6 18. Bd4 Nxe4+ 19. Ke3 Re8 20. Bb5 Nc6 21. Kd3 Bd7 22. dxc6 bxc6 23. Bc4 Rad8 24. Kc2 Bf5 25. Rhd1 Nf2+ 26. Kc3 Nxd1+ 27. Rxd1 Re4 28. Rd2 Bg4 0-1


[Site "https://www.chess.com"]

[Event "Titled Tuesday Blitz May 03 Early 2022"]
[White "Murthy, Pappu"]
[Black "Clawitter, Craig"]
[WhiteFideId "2013401"]
[BlackFideId "2023105"]
[WhiteElo "2049"]
[BlackElo "2283"]
[Result "0-1"]
[Round "09"]
[TimeControl "180+1"]
[Date "2022.05.03"]
[WhiteClock "0:00:21"]
[BlackClock "0:00:12"]

1. c4 e6 2. e4 c5 3. Nc3 Nc6 4. g3 g6 5. Bg2 Bg7 6. Nge2 Nge7 7. O-O O-O 8. d3 d6 9. Rb1 Rb8 10. f4 a6 11. a4 Nd4 12. Nxd4 cxd4 13. Ne2 b5 14. cxb5 axb5 15. b4 bxa4 16. Qxa4 Bd7 17. b5 Qb6 18. e5 Bxb5 19. exd6 Bxa4 20. Rxb6 Rxb6 21. dxe7 Re8 22. Ba3 Rb3 23. Bd6 Rxd3 24. Rc1 Rd1+ 25. Rxd1 Bxd1 26. Nc1 Ba4 27. Kf2 Bf6 28. Bc5 Bb5 29. Nb3 d3 30. Ke1 Bxe7 31. Bxe7 Rxe7 32. Kd2 Rc7 33. Nd4 Ba6 34. Be4 Kf8 35. Bxd3 Bxd3 36. Kxd3 Ke7 37. g4 Kd7 38. f5 exf5 39. gxf5 Rc5 40. Ke4 Rc4 41. fxg6 hxg6 42. Ke5 Rxd4 43. Kxd4 Ke6 44. Ke4 f5+ 45. Kf4 Kf6 46. h4 Ke6 47. Kg5 Kf7 48. Kf4 Kg7 49. Kg5 Kf7 50. Kf4 Kg7 51. Kg5 Kh7 52. Kf4 Kh6 53. Kg3 Kh5 54. Kh3 f4 55. Kg2 Kxh4 56. Kf3 Kg5 57. Kg2 Kf5 58. Kf2 g5 59. Kf3 g4+ 60. Kf2 Kg5 61. Kg2 Kh4 62. Kf2 Kh3 63. Kg1 Kg3 64. Kh1 f3 65. Kg1 Kf4 66. Kf2 g3+ 67. Kf1 Ke3 68. Kg1 Ke2 69. Kh1 f2 70. Kg2 f1=Q+ 71. Kxg3 Qf2+ 72. Kg4 Qf3+ 73. Kg5 Qe4 74. Kf6 Qd5 75. Ke7 Qc6 76. Kf7 Qd6 77. Ke8 Qc7 78. Kf8 Ke3 79. Kg8 Ke4 80. Kh8 Kf5 81. Kg8 Kg6 82. Kh8 Qh7# 0-1


[Site "https://www.chess.com"]

[Event "Titled Tuesday Blitz May 03 Early 2022"]
[White "Nakamura, Hikaru"]
[Black "Abarca Gonzalez, Nicolas"]
[WhiteFideId "2016192"]
[BlackFideId "3409422"]
[WhiteElo "2850"]
[BlackElo "2504"]
[Result "1-0"]
[Round "09"]
[TimeControl "180+1"]
[Date "2022.05.03"]
[WhiteClock "0:00:14"]
[BlackClock "0:00:09"]

1. Nf3 Nf6 2. b3 g6 3. Bb2 Bg7 4. d4 d5 5. e3 O-O 6. c4 c6 7. Bd3 Bf5 8. Bxf5 gxf5 9. h3 Nbd7 10. g4 fxg4 11. hxg4 Nxg4 12. Nbd2 f5 13. Ng5 Rf6 14. Qe2 Nf8 15. f3 Nh6 16. O-O-O a5 17. Rdg1 a4 18. b4 a3 19. Bc3 Rg6 20. f4 Ng4 21. Ndf3 b6 22. Nh4 Rxg5 23. fxg5 e6 24. Rxg4 fxg4 25. Qxg4 c5 26. g6 h6 27. Qf3 Ra7 28. cxd5 cxd4 29. Bxd4 Rc7+ 30. Kb1 Qxd5 31. Qxd5 exd5 32. Bxb6 Rc4 33. Bc5 Ne6 34. Bd6 Bf8 35. Bxf8 Nxf8 36. Nf5 Rxb4+ 37. Kc2 Nxg6 38. Nxh6+ Kf8 39. Kc3 Rb2 40. Ra1 Ke7 41. Nf5+ Kf6 42. Nd4 Ke5 43. Nc2 Rb8 44. Nxa3 Ke4 45. Nc2 Ne5 46. a4 Rc8+ 47. Kb3 Rb8+ 48. Kc3 Rc8+ 49. Kd2 Nc4+ 50. Ke2 Rh8 51. Rf1 Ra8 52. Ra1 Rh8 53. Rf1 Ra8 54. Rf4+ Ke5 55. Rh4 Rxa4 56. Rh5+ Kd6 57. Nd4 Ra2+ 58. Kf3 Nd2+ 59. Kf4 Nc4 60. Rh6+ Kd7 61. Rh5 Kd6 62. Nb5+ Kc5 63. Nc3 Rd2 64. Ne4+ Kc6 65. Nxd2 Nxd2 66. Rh8 Kd6 67. Rd8+ Kc5 68. Rc8+ Kd6 69. Rh8 Nc4 70. Rh1 Kc5 71. Rd1 Nd6 72. Rc1+ Nc4 73. Rc2 Kd6 74. e4 Nb6 75. e5+ Kd7 76. Kf5 d4 77. Rd2 Ke7 78. Rxd4 Nd7 79. Rxd7+ Kxd7 80. Kf6 Ke8 81. Ke6 Kf8 82. Kd7 Kf7 83. e6+ Kg7 84. e7 Kf7 85. e8=Q+ Kg7 86. Qe6 Kf8 87. Qf5+ Kg7 88. Ke7 Kg8 89. Qg4+ Kh8 90. Qg5 Kh7 91. Kf7 Kh8 92. Qh4# 1-0


[Site "https://www.chess.com"]

[Event "Titled Tuesday Blitz May 03 Early 2022"]
[White "Namitbir Singh Walia"]
[Black "Gurevich, Dmitry"]
[WhiteFideId "35071068"]
[BlackFideId "2000407"]
[WhiteElo "1565"]
[BlackElo "2506"]
[Result "0-1"]
[Round "09"]
[TimeControl "180+1"]
[Date "2022.05.03"]
[WhiteClock "0:00:09"]
[BlackClock "0:00:46"]

1. d4 Nf6 2. c4 a6 3. Nf3 c5 4. Nc3 cxd4 5. Nxd4 d5 6. e3 g6 7. Nf3 e6 8. cxd5 exd5 9. b3 Bg7 10. Bb2 O-O 11. Be2 Ne4 12. Rc1 Qa5 13. Nd4 Nc6 14. O-O Nxd4 15. exd4 Bf5 16. Qe1 Nxc3 17. Qxc3 Qxc3 18. Bxc3 Rac8 19. Bb2 Bh6 20. Rc5 Be6 21. Bf3 b6 22. Rxc8 Rxc8 23. Re1 Bd2 24. Re2 Rc2 25. Ba3 Rxa2 26. h3 Rxa3 27. Rxd2 Rxb3 28. Rc2 a5 29. Rc6 a4 30. Rd6 a3 31. Bxd5 Bxd5 32. Rxd5 0-1


[Site "https://www.chess.com"]